 Dungeon Crawl Stone Soup version 0.26.1-11-gd32895ea62 (webtiles) character file.

Game seed: 1859474811283061368

683 VeeEM the Ogre Mage (level 7, -7/59 HPs)
             Began as an Ogre Fire Elementalist on May 3, 2021.
             Shot with an arrow by a centaur (14 damage)
             ... on level 5 of the Dungeon.
             The game lasted 00:30:53 (5019 turns).

VeeEM the Ogre Mage (Ogre Fire Elementalist)        Turns: 5019, Time: 00:30:54

Health: -7/59      AC:  3    Str: 13    XL:     7   Next: 61%
Magic:  11/15      EV: 14    Int: 18    God:
Gold:   270        SH:  0    Dex:  9    Spells: 15/16 levels left

rFire    . . .     SeeInvis .   v - +1 giant club
rCold    . . .     Faith    .   (shield currently unavailable)
rNeg     . . .     Spirit   .   g - +0 robe
rPois    .         Reflect  .   (helmet restricted)
rElec    .         Harm     .   (no cloak)
rCorr    .         Rampage  .   (gloves unavailable)
Will     .....                  (boots unavailable)
Stlth    +.........             h - amulet of regeneration
HPRegen  0.59/turn              s - +4 ring of evasion
MPRegen  0.14/turn              (no ring)

@: no status effects
A: large, unfitting armour, tough skin 1
a: no special abilities


You were on level 5 of the Dungeon.
You visited 1 branch of the dungeon, and saw 5 of its levels.

You collected 270 gold pieces.

Inventory:

Hand Weapons
 j - a +1 short sword
 v - a +1 giant club (weapon)
Armour
 g - a +0 robe (worn)
Jewellery
 a - an uncursed amulet of faith {unknown}
 h - an amulet of regeneration (around neck)
 l - an uncursed amulet of the acrobat
 s - a +4 ring of evasion (left hand)
Wands
 k - a wand of paralysis (8)
 q - a wand of random effects (10)
Scrolls
 b - 2 scrolls of remove curse
 c - a scroll of random uselessness {unknown}
 e - a scroll of amnesia {unknown}
 i - 4 scrolls of teleportation
 n - 2 scrolls of magic mapping
Potions
 d - 2 potions of flight
 f - 2 potions of mutation
 m - a potion of resistance {unknown}
 o - a potion of heal wounds {unknown}
 p - a potion of haste {unknown}
 r - a potion of berserk rage {unknown}
 t - 2 potions of curing {unknown}
 u - a potion of ambrosia {unknown}


   Skills:
 + Level 1.5 Maces & Flails
 - Level 1.7 Dodging
 - Level 1.4 Stealth
 + Level 5.4 Spellcasting
 + Level 4.0 Conjurations
 + Level 4.9 Fire Magic


You had 15 spell levels left.
You knew the following spells:

 Your Spells              Type           Power        Failure   Level
a - Foxfire               Conj/Fire      84%          1%          1

Your spell library contained the following spells:

 Spells                   Type           Power        Failure   Level
 Conjure Flame            Conj/Fire      21%          6%          3
 Inner Flame              Hex/Fire       13%          14%         3
 Sticky Flame             Conj/Fire      21%          21%         4
 Fireball                 Conj/Fire      10%          50%         5


Dungeon Overview and Level Annotations

Branches:
Dungeon (5/15)
 Temple: D:4-7

Altars:
Nemelex Xobeh
Okawaru
Trog
Wu Jian


Innate Abilities, Weirdness & Mutations

You are too large for most types of armour.
You have tough skin. (AC +1)


Message History

The centaur shoots an arrow.
The arrow hits you!
* * * LOW HITPOINT WARNING * * *
The centaur shoots an arrow.
The arrow hits you.
* * * LOW HITPOINT WARNING * * *
Okay, then.
Casting: Foxfire (safe; 1% risk of failure)
Confirm with . or Enter, or press ? or * to list all spells.
You conjure some foxfire!
The centaur shoots an arrow.
The arrow hits you.
* * * LOW HITPOINT WARNING * * *
The foxfire hits the centaur but does no damage.
The centaur is heavily wounded.
The foxfire hits the centaur.
The centaur is severely wounded.
The centaur shoots an arrow.
The arrow barely misses you.
Casting: Foxfire (safe; 1% risk of failure)
Confirm with . or Enter, or press ? or * to list all spells.
You conjure some foxfire!
The centaur shoots an arrow.
The arrow hits you.
* * * LOW HITPOINT WARNING * * *
The centaur shoots an arrow.
The arrow hits you!
You die...

.#..[.# #....# .###### #....#
......# #....##
#####.###.....############
÷...#.........§.....(..c..
###.#.#..e..#.##(..#
###.#.#.##....##.c.#
#.......##.#####.v.##########
#....>.........§@§........>..
#......#....(...v§...#.######
#...............###..#...
#.............((###..####.#
#######.##<####...#..#### # ##
#.........#.#.....# ##8##
########........#.#.###.###8...8
......##......).#.#.###..##.....
......##..[.....#........#>.....


You could see a centaur.

Vanquished Creatures
  Duvessa (D:5)
  An ice beast (D:5)
  An ogre (D:4)
  Dowan (D:5)
  An orc wizard (D:3)
  Natasha (thrice) (D:3)
  12 adders
  3 gnolls
  A shadow imp (D:4)
  An ooze (D:2)
  A worm (D:4)
  A dart slug (D:1)
  4 leopard geckos
  6 orcs
  7 bats
  4 giant cockroaches
  6 goblins
  11 hobgoblins
  A quokka (D:2)
  A ball python (D:1)
  6 frilled lizards
  11 kobolds
  A quokka skeleton (D:2)
  14 rats
99 creatures vanquished.

Vanquished Creatures (others)
  308 foxfires
308 creatures vanquished.

Grand Total: 407 creatures vanquished

Notes
Turn   | Place    | Note
-------+----------+-------------------------------------------
     0 | D:1      | VeeEM the Ogre Fire Elementalist began the quest for the
                  | Orb.
     0 | D:1      | Reached XP level 1. HP: 16/16 MP: 3/3
    48 | D:1      | Reached skill level 1 in Conjurations
   312 | D:1      | Reached XP level 2. HP: 24/24 MP: 2/5
   862 | D:1      | Reached skill level 3 in Spellcasting
  1137 | D:1      | Reached XP level 3. HP: 31/31 MP: 4/7
  1705 | D:2      | Reached XP level 4. HP: 39/39 MP: 7/9
  2413 | D:3      | Noticed Natasha
  2639 | D:2      | Reached XP level 5. HP: 38/45 MP: 6/10
  2837 | D:3      | Reached skill level 4 in Spellcasting
  2854 | D:3      | Killed Natasha
  2917 | D:3      | Found an iron altar of Okawaru.
  3008 | D:3      | Noticed Natasha
  3023 | D:3      | Killed Natasha
  3065 | D:3      | Reached XP level 6. HP: 53/53 MP: 7/12
  3136 | D:3      | Found an ornate altar of the Wu Jian Council.
  3292 | D:3      | Noticed Natasha
  3296 | D:3      | Killed Natasha
  3499 | D:3      | Found a sparkling altar of Nemelex Xobeh.
  4262 | D:4      | Found a bloodstained altar of Trog.
  4375 | D:5      | Entered Level 5 of the Dungeon
  4558 | D:5      | Noticed Duvessa
  4610 | D:5      | Killed Duvessa
  4611 | D:5      | Reached skill level 1 in Maces & Flails
  4611 | D:5      | Reached skill level 5 in Spellcasting
  4611 | D:5      | Reached XP level 7. HP: 12/59 MP: 5/14
  4887 | D:5      | Noticed Dowan
  4897 | D:5      | Killed Dowan
  5019 | D:5      | Shot with an arrow by a centaur

Illustrated notes

Levels and vault maps discovered:
D:1:      amcnicky_arrival_single_pillar, layout_basic, minmay_hedge_maze
D:2:      minmay_door_path, layout_rooms
D:3:      layout_basic, overflow_temple_1_default, okawaru_trees_2,
          nemelex_altar_shiori, uniq_natasha
D:4:      layout_basic, bloody_trog
D:5:      layout_basic, nicolae_overflow_hidden_temple,
          gammafunk_temple_overflow_statue, minmay_temple_entry_stoned_glass,
          minivault_27, uniq_duvessa

Skill      XL: |  1  2  3  4  5  6  7 |
---------------+----------------------+-----
Conjurations   | 1 2 3 4 |  4.0
Fire Magic     | 3 4 |  4.9
Spellcasting   | 3 4 5 |  5.4
Maces & Flails | 1 |  1.5
Dodging        | |  1.7
Stealth        | |  1.4

Action                   |  1- 3 |  4- 6 |  7- 9 || total
-------------------------+-------+-------+-------++-------
Melee: Dagger            |     3 |       |       ||     3
       Club              |    10 |       |       ||    10
       Short sword       |     5 |    31 |       ||    36
       Giant club        |       |    26 |     6 ||    32
 Cast: Foxfire           |    51 |   126 |    18 ||   195
  Use: Scroll            |     2 |     8 |       ||    10
       Potion            |       |     1 |       ||     1
Armor: Robe              |     8 |    16 |     1 ||    25
Dodge: Dodged            |    18 |    59 |     8 ||    85
